 Dungeon Crawl Stone Soup version 0.21.1-1-g345015f (webtiles) character file.

171 sking99 the Skirmisher (level 5, -2/42 HPs)
             Began as a Formicid Abyssal Knight on July 1, 2018.
             Was a Believer of Lugonu.
             Slain by a hound (3 damage)
             ... on level 4 of the Dungeon.
             The game lasted 00:08:28 (5503 turns).

sking99 the Skirmisher (Formicid Abyssal Knight)    Turns: 5503, Time: 00:08:29

Health: -2/42      AC:  3    Str: 18    XL:     5   Next: 81%
Magic:  5/7        EV:  8    Int: 11    God:    Lugonu [**....]
Gold:   100        SH:  7    Dex: 10    Spells: 4/4 levels left

rFire    . . .     SeeInvis +   a - +1 mace
rCold    . . .     Gourm    .   r - +0 shield (curse)
rNeg     . . .     Faith    .   b - +0 leather armour
rPois    .         Spirit   .   (helmet unavailable)
rElec    .         Reflect  .   (no cloak)
rCorr    .         Harm     .   (no gloves)
MR       .....                  (no boots)
Stlth    +.........             (no amulet)
HPRegen  0.14/turn              (no ring)
MPRegen  0.10/turn              (no ring)

@: no status effects
A: permanent stasis, dig shafts and tunnels, four strong arms, antennae 3
a: Dig, Shaft Self, Depart the Abyss, Bend Space, Renounce Religion


You were on level 4 of the Dungeon.
You worshipped Lugonu.
Lugonu was pleased with you.
You were not hungry.

You visited 1 branch of the dungeon, and saw 4 of its levels.
You visited the Abyss 1 time.

You collected 100 gold pieces.

Inventory:

Hand Weapons
 a - a +1 mace (weapon)
Armour
 b - a +0 leather armour (worn)
 r - a cursed +0 shield (worn)
Jewellery
 m - a cursed -3 ring of intelligence {unknown}
 s - an uncursed ring of ice {unknown}
Scrolls
 d - 5 scrolls of enchant weapon {unknown}
 h - a scroll of immolation {unknown}
 i - a scroll of identify {unknown}
 l - a scroll of fear {unknown}
 n - a scroll of magic mapping {unknown}
 o - 4 scrolls of blinking {unknown}
 p - 4 scrolls of remove curse {unknown}
Potions
 e - a potion of lignification {unknown}
 f - 2 potions of flight {unknown}
 g - a potion of cancellation {unknown}
 j - 3 potions of curing {unknown}
 k - a potion of brilliance {unknown}
 t - a potion of agility {unknown}
Comestibles
 c - 4 rations


   Skills:
 - Level 4.2 Fighting
 * Level 4.2 Maces & Flails
 - Level 2.1 Armour
 - Level 0.8 Dodging
 + Level 0.6 Shields
 + Level 3.6 Invocations


You had 4 spell levels left.
You didn't know any spells.

Dungeon Overview and Level Annotations

Branches:
Dungeon (4/15)
 Temple: D:4-7

Altars:
Makhleb
Nemelex Xobeh
Ru

Annotations:
D:3 Recruiting's ghost, amateur HOFi


Innate Abilities, Weirdness & Mutations

You cannot be hasted, slowed, berserked, paralysed or teleported.
You can dig through walls and to a lower floor.
Your four strong arms can wield two-handed weapons with a shield.
You have a pair of large antennae on your head. (SInv)


Message History

The hound barks!
You block the ogre's attack. Space bends around you!
You blink.
The hound bites you.
* * * LOW HITPOINT WARNING * * *
The hound bites you.
* * * LOW HITPOINT WARNING * * *
The hound closely misses you. The hound bites you.
* * * LOW HITPOINT WARNING * * *
The hound barely misses you.
Found a stone staircase leading down.
A giant cockroach comes into view.
The giant cockroach moves out of view.
Found 8 gold pieces.
All of the chunks of flesh in your inventory have rotted away.
A hound comes into view.
Are you sure you want to shaft yourself?
You feel somewhat more hungry.
The hound barks!
The hound bites you.
You die...

...... .. ..
.... .. .... ##
#.#. #.##...
..$#... ..#...
.....#.##.....#
........>.#..$.
...s...@# ..#
......#h# #.#
.....
#o#####.####
.h..
#..{.....<.#
...
#.........ยง#
.. #....O...[.#
. #.)........#
#..........#
#......[...#


You could see 2 hounds, an orc and a giant cockroach.

Vanquished Creatures
  Natasha (D:2)
  4 adders
  6 worms
  2 dart slugs (D:1)
  2 leopard geckos
  6 orcs (D:3)
  5 bats
  6 giant cockroaches
  5 goblins
  6 hobgoblins
  11 jackals
  6 quokkas
  2 ball pythons (D:1)
  2 frilled lizards
  6 kobolds
  11 rats
81 creatures vanquished.

Vanquished Creatures (others)
  4 toadstools (D:1)
4 creatures vanquished.

Grand Total: 85 creatures vanquished

Notes
Turn   | Place    | Note
-------+----------+-------------------------------------------
     0 | Abyss:1  | sking99 the Formicid Abyssal Knight began the quest for the Orb.
     0 | Abyss:1  | Reached XP level 1. HP: 18/18 MP: 2/2
    74 | Abyss:1  | Noticed an iron imp
    80 | Abyss:1  | Noticed a purple very ugly thing
    82 | D:1      | Escaped the Abyss
   376 | D:1      | Reached XP level 2. HP: 17/24 MP: 3/3
   479 | D:1      | Reached * piety under Lugonu
   927 | D:1      | Reached XP level 3. HP: 28/29 MP: 4/4
  1657 | D:2      | Reached XP level 4. HP: 11/37 MP: 6/6
  1950 | D:2      | Found a sacrificial altar of Ru.
  2504 | D:2      | Noticed Natasha
  2512 | D:2      | Killed Natasha
  2512 | D:2      | Reached ** piety under Lugonu
  3086 | D:3      | Reached XP level 5. HP: 38/42 MP: 7/7
  3246 | D:3      | Found a sparkling altar of Nemelex Xobeh.
  4278 | D:3      | Noticed Recruiting's ghost (amateur HOFi)
  4782 | D:3      | Found a burning altar of Makhleb.
  5488 | D:4      | Noticed an ogre
  5499 | D:4      | HP: 1/42 [hound (6)]
  5503 | D:4      | Slain by a hound

Skill      XL: |  1  2  3  4  5 |
---------------+----------------+-----
Maces & Flails | 3 4 |  4.2
Invocations    | 3 |  3.6
Fighting       | 4 |  4.2
Armour         | |  2.1
Dodging        | |  0.8
Shields        | |  0.6

Action                   |  1- 3 |  4- 6 || total
-------------------------+-------+-------++-------
Melee: Mace              |   104 |   202 ||   306
Invok: Depart the Abyss  |     1 |       ||     1
       Bend Space        |       |     2 ||     2
 Abil: Dig               |     4 |     5 ||     9
       Shaft Self        |       |     1 ||     1
  Eat: Chunk             |     3 |    14 ||    17
Armor: Leather armour    |    30 |    48 ||    78
Dodge: Dodged            |    89 |   106 ||   195
Block: Shield            |       |    27 ||    27
